Map: Void Thrashing

Players

Gad

  • Race: Terran Terran
  • Spawn Location: 6:00

NamroodTuo

  • Race: Zerg Zerg

VOD

Have the link to the VOD?

Description

Time

  • Played on: March 7, 2023, 10:52 a.m.
  • Length: 21:11
Show
View Real Time Build Order
Export as new Build Order

Gad Terran 

Build Orders:  

Get SALT Encoding   

  12  0:06  SCV  
  13  0:23  SCV  
  14  0:34  Supply Depot  
  14  0:39  SCV  
  14  0:49  Supply Depot  
  15  1:06  Refinery  
  15  1:19  SCV  
  16  1:23  Barracks  
  16  1:36  SCV  
  17  1:52  SCV  
  18  2:04  Barracks  
  18  2:09  SCV  
  19  2:26  SCV  
  20  2:31  Refinery  
  20  2:43  SCV, Barracks Tech Lab  
  20  2:45  Barracks Tech Lab  
  21  3:00  SCV  
  22  3:11  Marine x2  
  22  3:17  SCV  
  25  3:21  Marine x2  
  27  3:30  Supply Depot  
  27  3:31  Marine  
  27  3:32  Marine  
  27  3:34  SCV  
  30  3:41  Marine  
  31  3:58  Marine  
  31  4:00  SCV  
  31  4:07  Unknown  
  31  4:12  Marine  
  31  4:13  Marine  
  31  4:17  SCV  
  34  4:22  Marine  
  34  4:23  Marine  
  36  4:33  Marine x2  
  36  4:39  SCV  
  39  4:48  Supply Depot  
  39  4:49  Supply Depot  
  39  4:58  Stabilizer Medpacks  
  39  5:18  SCV  
  40  5:47  Command Center  
  40  5:57  Concussive Shells  
  28  7:23  Marine x2  
  30  7:31  Refinery  
  30  7:33  Marine  
  30  7:34  Marine  
  32  7:44  Marine x2  
  34  7:54  Medic x2  
  34  7:55  Barracks x2  
  38  8:00  Engineering Bay  
  38  8:01  Engineering Bay  
  38  8:04  Medic x2  
  38  8:06  Refinery  
  42  8:12  SCV  
  42  8:13  SCV  
  44  8:29  SCV x2  
  46  8:46  SCV x2, Supply Depot  
  48  8:51  Supply Depot  
  48  8:57  Supply Depot  
  48  9:00  Barracks Tech Lab x2, Supply Depot  
  48  9:03  SCV x2  
  48  9:07  Marauder  
  52  9:15  Marauder  
  57  9:20  SCV x2  
  56  9:30  Terran Infantry Weapons Level 1  
  56  9:31  Terran Infantry Armor Level 1  
  56  10:26  Marauder x3  
  56  10:27  Marauder  
  64  10:39  Marauder x4  
  72  10:51  Marine x2, Marauder  
  72  10:52  Marine  
  74  11:01  Marine x2  
  74  11:08  Marine  
  74  11:09  Marine  
  67  11:11  Marine  
  67  11:12  Marine  
  67  11:18  Marine  
  67  11:19  Marine  
  71  11:22  Marine x2  
  71  11:28  Marine  
  71  11:29  Marine  
  75  11:32  Marine x2  
  75  11:38  Marine  
  75  11:39  Marine  
  81  12:03  SCV  
  81  12:04  SCV  
  83  12:20  SCV  
  83  12:21  SCV  
  85  12:37  SCV  
  85  12:38  SCV  
  86  12:54  SCV x2  
  88  13:11  SCV x2  
  90  13:32  Orbital Command x2  
  90  14:02  Factory  
  90  14:16  Medic x3  
  90  14:17  Medic  
  98  14:26  Marine x2  
  98  14:27  Marine x2  
  101  14:37  Neosteel Frame  
  102  14:45  Supply Depot  
  102  14:47  Supply Depot  
  102  14:51  Supply Depot  
  102  14:52  Supply Depot  
  102  14:54  Supply Depot  
  102  15:12  Marine x4  
  102  15:15  SCV  
  102  15:18  Supply Depot  
  107  15:20  Supply Depot  
  107  15:23  Marauder x4  
  107  15:25  Supply Depot  
  107  15:27  Supply Depot  
  107  15:28  Structure Armor  
  115  15:32  SCV  
  115  15:36  Marauder x4  
  123  15:44  Armory  
  123  15:45  Armory  
  123  15:49  SCV  
  118  15:55  Marine  
  118  15:56  Marine x3  
  122  16:05  Marine  
  122  16:06  Marine x3  
  126  16:13  Supply Depot x2  
  126  16:15  Marine  
  126  16:16  Marine x3, Supply Depot  
  130  16:21  Supply Depot  
  130  16:25  Marine  
  130  16:26  Marine x3  
  126  16:36  Marine x4  
  108  17:47  Marauder x4  
  114  17:59  Marine x3  
  116  18:00  Terran Infantry Weapons Level 2, Marine  
  116  18:01  Terran Infantry Armor Level 2  
  116  18:09  Marine x2  
  110  18:10  Marine x2  
  120  18:19  Marine x2  
  124  18:20  Marine x2  
  124  18:29  Marine  
  128  18:30  Marine x3  
  113  19:27  Medic x3  
  113  19:28  Medic  
  111  19:37  Medic x2  
  111  19:38  Medic x2  
  121  19:54  Marine  
  121  19:55  Marine x3  
  125  20:04  Marine  
  125  20:05  Marine x3  
  129  20:15  Marine x4  
  133  20:25  Marine  
  133  20:26  Marine x3  
  137  20:35  Marine  
  137  20:36  Marine x3  
Show
View Real Time Build Order
Export as new Build Order

NamroodTuo Zerg 

Build Orders:  

Get SALT Encoding   

  12  0:03  Infested SCV  
  13  0:19  Overlord  
  13  0:26  Infested SCV  
  14  0:39  Infested SCV  
  15  0:49  Infested Barracks  
  15  0:57  Infested SCV  
  16  1:03  Infested SCV  
  16  1:06  Infested SCV  
  18  1:22  Infested SCV  
  19  1:37  Infested SCV  
  20  1:54  Overlord  
  20  1:59  Infested Refinery  
  20  2:01  Infested Refinery  
  20  2:06  Infested Engineering Bay  
  20  2:10  Infested SCV  
  20  2:19  Infestation Level 1  
  21  2:40  Infested SCV  
  21  2:42  Overlord  
  22  2:57  Infested SCV  
  23  3:17  Infested SCV  
  24  3:25  Regenerative Plating  
  24  3:29  Infested SCV  
  25  3:53  Infested Bunker  
  25  3:57  Infested Marine x7  
  25  3:58  Infested Marine x3  
  39  4:08  Overlord  
  32  4:31  Infested SCV  
  32  4:32  Infested SCV  
  32  4:37  Anaerobic Enhancement  
  31  4:45  Infested SCV  
  32  5:10  Infested SCV  
  32  5:11  Infested SCV  
  34  5:22  Infested Factory  
  34  5:28  Infested Factory, Infested SCV  
  35  5:37  Broodling Gestation  
  35  6:00  Infested Barracks Tech Lab  
  35  6:23  Infested Armory  
  35  6:28  Infested Factory Tech Lab  
  35  6:31  Infested Factory Tech Lab  
  35  7:02  Infested Command Center  
  35  7:03  Automated Mitosis  
  35  7:11  Stukov Infantry Weapons Level 1  
  35  7:27  Infested Bunker  
  39  7:58  Stukov Vehicle and Ship Weapons Level 1  
  39  8:10  Infested Refinery  
  39  8:41  Infestation Level 2  
  39  9:08  Infested Refinery  
  39  9:10  Infested SCV x2  
  39  9:11  Infested SCV x2  
  43  9:39  Infested Siege Tank  
  46  9:40  Infested Siege Tank  
  45  9:51  Stukov Infantry Armor Level 1  
  45  10:35  Infested SCV x4  
  45  10:36  Infested SCV  
  45  10:38  Stukov Vehicle and Ship Armor Level 1  
  50  10:48  Overlord  
  50  10:49  Overlord x4  
  50  10:57  Infested Siege Tank  
  53  11:01  Infested Siege Tank  
  56  11:50  Infested Siege Tank x2  
  56  11:51  Infested Siege Tank  
  56  11:55  Overlord x3  
  65  12:31  Stukov Infantry Weapons Level 2  
  65  12:52  Infested Siege Tank  
  65  12:53  Infested Siege Tank x3  
  77  13:12  Infested SCV  
  77  13:13  Infested SCV  
  77  13:15  Infested SCV  
  77  13:16  Infested SCV  
  77  13:18  Infested SCV, Stukov Vehicle and Ship Weapons Level 2  
  82  13:33  Overseer  
  82  13:41  Overseer  
  82  14:10  Infested Siege Tank x4  
  94  14:29  Infested SCV  
  95  14:30  Infested SCV  
  96  14:41  Infested Barracks, Infested SCV x3  
  96  14:42  Infested SCV x2  
  96  14:47  Overlord x2  
  101  15:28  Infested Marine x2  
  101  15:29  Infested Marine x6  
  109  15:30  Infested Marine x6  
  109  15:31  Infested Marine  
  109  15:38  Infested Marine  
  109  15:39  Infested Marine x6  
  123  15:41  Calcified Armor  
  123  15:42  Infestation Level 3  
  123  16:06  Retinal Augmentation  
  110  16:27  Stukov Vehicle and Ship Armor Level 2  
  98  16:41  Stukov Infantry Armor Level 2  
  80  17:06  Plagued Munitions  
  80  17:57  Infested Siege Tank x3  
  80  17:58  Infested Siege Tank x4  
  80  17:59  Infested Siege Tank x2  
  107  18:26  Infested Marine  
  107  18:27  Infested Marine x10  
  107  18:28  Infested Marine x2  
  120  18:32  Overlord x4  
  120  18:33  Overlord x4  
  120  18:34  Overlord x2  
  120  19:14  Infested Marine  
  120  19:15  Infested Marine x20  
  141  19:31  Infested Marine x6  
  141  19:32  Infested Marine x16  
  127  20:14  Infested Marine  
  127  20:15  Infested Marine x14  
  127  20:16  Infested Marine x3  
  127  20:45  Infested Marine  
  127  20:46  Infested Marine x11  
Tags
 
Commander
RaynorStukov
Matchup
Co-op
Replay Pack
Multiplayer
Add a new tag
Caveats
  • Supply blocks, unpowered buildings, or Contaminate may cause inaccurate times.
  • Supply counts are checked every 10 seconds.